 Dungeon Crawl Stone Soup version 0.30-a0-6-g7c9e10e132 (webtiles) character file.

Game seed: 1294001331773118799

49873 Zeldest the Destroyer (level 15, -7/133 HPs)
             Began as a Meteoran Necromancer on Aug 23, 2022.
             Was the Champion of Cheibriados.
             Mangled by a jumping spider (11 damage)
             ... on level 1 of the Spider Nest.
             The game lasted 01:12:23 (6974 turns).

Zeldest the Destroyer (Meteoran Necromancer)        Turns: 6974, Time: 01:12:23

Health: -7/133     AC:  7    Str: 31    XL:     15   Next: 33%
Magic:  6/29       EV: 10    Int: 40    God:    Cheibriados [******]
Gold:   975        SH:  0    Dex: 30    Spells: 3/32 levels left

rFire   + . .      SeeInvis .    a - staff of death
rCold   + . .      Faith    +    (no shield)
rNeg    + + .      Spirit   .    L - +2 robe {rC+ rF+}
rPois   +          Reflect  .    h - +0 helmet
rElec   .          Harm     .    f - +0 cloak
rCorr   .          Rampage  .    (no gloves)
Will    +....                    R - +0 pair of boots
Stlth   +.........               A - amulet "Nashuwk" {Faith rPois}
HPRegen 0.32/turn                j - +6 ring of strength
MPRegen 0.21/turn                O - ring of positive energy

@: lethally poisoned (-7 -> -90), about to teleport, animating dead, held,
glowing, very slow
A: sense surroundings 2, otherworldly, glowing, explore regen
a: Renounce Religion, Bend Time, Temporal Distortion, Slouch, Step From Time


You were on level 1 of the Spider Nest.
You worshipped Cheibriados.
Cheibriados was exalted by your worship.
You visited 4 branches of the dungeon, and saw 19 of its levels.
You also visited: Sewer and Ice Cave.

You collected 975 gold pieces.

Inventory:

Hand Weapons
 b - a +2 short sword of electrocution
 k - the +5 lochaber axe {reach-cleave, poleaxe}
   (You found it in an ice cave)

   It can be evoked to extend its reach, and strikes at all foes within reach,
   dealing less damage to those not targeted.
   It uses either Axes or Polearms skill, whichever is higher.
Missiles
 i - 4 javelins
Armour
 f - a +0 cloak (worn)
 h - a +0 helmet (worn)
 L - a +2 robe of resistance (worn)
 R - a +0 pair of boots (worn)
Magical Staves
 a - a staff of death (weapon)
Jewellery
 j - a +6 ring of strength (left hand)
 A - the amulet "Nashuwk" (around neck) {Faith rPois}
   (You found it on level 6 of the Dungeon)

   [amulet of faith]

   It allows you to gain divine favour quickly.
   rPois:     It protects you from poison.
 O - a ring of positive energy (right hand)
Wands
 H - a wand of polymorph (18)
 I - a wand of paralysis (11)
 J - a wand of mindburst (26)
 P - a wand of flame (8)
Scrolls
 d - 3 scrolls of magic mapping
 e - a scroll of teleportation
 g - 2 scrolls of acquirement {unknown}
 l - 3 scrolls of amnesia
 o - a scroll of brand weapon {unknown}
 r - a scroll of immolation {unknown}
 t - 7 scrolls of noise
 u - 2 scrolls of enchant weapon {unknown}
 w - 2 scrolls of summoning {unknown}
 x - 3 scrolls of blinking {unknown}
 y - a scroll of silence {unknown}
 B - 3 scrolls of vulnerability {unknown}
 E - 2 scrolls of torment
 F - 2 scrolls of fear {unknown}
 N - a scroll of fog
 Q - a scroll of enchant armour {unknown}
Potions
 c - 2 potions of curing
 m - a potion of resistance
 n - a potion of attraction
 p - a potion of flight
 q - 4 potions of might
 s - 2 potions of mutation
 v - a potion of cancellation
 z - a potion of lignification
 G - 2 potions of ambrosia
 K - 4 potions of brilliance


   Skills:
 + Level 12.3 Fighting
 + Level 6.6 Polearms
 - Level 7.1 Dodging
 - Level 1.4 Stealth
 + Level 9.0 Spellcasting
 + Level 12.8 Conjurations
 - Level 10.9 Summonings
 - Level 12.5 Necromancy
 - Level 12.1 Invocations


You had 3 spell levels left.
You knew the following spells:

 Your Spells              Type           Power      Damage    Failure   Level
a - Orb of Destruction    Conj           44%        9d12      9%          7
b - Animate Dead          Necr           100%       N/A       1%          4
c - Vampiric Draining     Necr           100%       2d13      1%          3
d - Summon Ice Beast      Ice/Summ       58%        N/A       1%          4
e - Agony                 Necr           100%       N/A       1%          5
f - Summon Cactus Giant   Summ           40%        N/A       3%          6

Your spell library contained the following spells:

 Spells                   Type           Power      Damage    Failure   Level
 Magic Dart               Conj           100%       1d8       0%          1
 Necrotise                Necr           100%       1d9       0%          1
 Beastly Appendage        Tmut           36%        N/A       1%          1
 Foxfire                  Conj/Fire      100%       2x1d9     1%          1
 Call Imp                 Summ           81%        N/A       1%          2
 Conjure Flame            Conj/Fire      62%        6-21      1%          3
 Mephitic Cloud           Conj/Pois/Air  51%        N/A       1%          3
 Blink                    Tloc           36%        N/A       3%          2
 Ensorcelled Hibernation  Hex/Ice        36%        N/A       3%          2
 Scorch                   Fire           36%        2d7       3%          2
 Wereblood                Tmut           18%        N/A       3%          2
 Frozen Ramparts          Ice            36%        1d6       6%          3
 Inner Flame              Hex/Fire       18%        N/A       6%          3
 Lesser Beckoning         Tloc           18%        N/A       6%          3
 Spider Form              Tmut/Pois      18%        N/A       6%          3
 Anguish                  Hex/Necr       40%        N/A       1%          4
 Flame Wave               Conj/Fire      62%        2d14      1%          4
 Iskenderun's Battlesphe  Conj           88%        2d14      1%          5
 Fireball                 Conj/Fire      31%        3d13      3%          5
 Ice Form                 Ice/Tmut       18%        N/A       19%         4
 Conjure Ball Lightning   Conj/Air       31%        3x3d10    22%         6
 Manifold Assault         Tloc           18%        N/A       47%         5


Dungeon Overview and Level Annotations

Branches:
Dungeon (12/15) Zot: 4057  Temple (1/1) D:5 Zot: 885    Lair (5/5) D:8 Zot: 558
  Swamp (0/4) Lair:2       Spider (1/4) Lair:2 Zot: 889   Slime (0/5) Lair:5
  Sewer (visited)           IceCv (visited)
    Orc: D:9-12

Altars:
Ashenzari
Cheibriados
Dithmenos
Elyvilon
Gozag
Hepliaklqana
Kikubaaqudgha
Makhleb
Sif Muna
Trog
Vehumet
Yredelemnul
Zin

Shops:
D:6 (

Portals:
Hell: Lair:5

Annotations:
Lair:1 1 runed translucent door
Spider:1 Azrael


Innate Abilities, Weirdness & Mutations

You passively map the area around you.
You are easily found by Zot.
You glow in the dark.
You regain HP and MP as you explore.


Message History

The grasping roots constrict the hell hound.
The grasping roots constrict the redback.
The grasping roots constrict the redback!
The grasping roots constrict the redback.
The grasping roots constrict the culicivora.
The grasping roots constrict the jumping spider.
You hear a shout!
You hear a faint skittering sound. x4
You hear a skittering sound.
You hear a faint skittering sound.
Your hell hound zombie closely misses the tarantella.
Your jumping spider zombie closely misses the tarantella.
Your jumping spider zombie bites the tarantella.
The hell hound bites you but does no damage.
The redback bites you but does no damage.
The culicivora bites you!!
The culicivora draws strength from your injuries!
The redback barely misses you.
The tarantella is struck by your cactus giant's spines.
The tarantella dies!
Cheibriados thoroughly appreciates the change of pace.
The dead are crawling!
The redback bites you!
* * * LOW HITPOINT WARNING * * *
You are lethally poisoned!
The redback poisons you!
The tarantella touches your tarantella zombie!
The jumping spider pounces on you but does no damage.
The jumping spider bites you but does no damage.
Your tarantella zombie hits the redback!
Your hell hound zombie bites the tarantella!
Your jumping spider zombie barely misses the tarantella.
Your jumping spider zombie bites the tarantella.
The hell hound bites you.
* * * LOW HITPOINT WARNING * * *
The culicivora bites you!!
* * * LOW HITPOINT WARNING * * *
The culicivora draws strength from your injuries!
The redback bites you.
* * * LOW HITPOINT WARNING * * *
You are more poisoned.
The redback poisons you! The jumping spider pounces on you!
You die...

, ,,, , * , * , #
** ## ,* * ** ,,
..#######.## , , ,
...........# * *
,...........## * *
............###. ,
* ,
................ *
, *
.s...>.sss...... ,
......ss@.......,
** .......hsZ......
* * * ,
.....ZsZCZ...... *
* ......ZZZ......#
*
,,........R.....##*
........○....... *
,................
,, , , *
!..../..°...##. > ,
, , * ,, ,


You could see Azrael (ally target), a culicivora (rooted, ally target), 2
jumping spiders, 2 tarantellas, a hell hound (rooted), 3 redbacks, a friendly
cactus giant (summoned), 2 friendly hell hound zombies, a friendly wolf spider
zombie, a friendly jumping spider zombie, 2 friendly tarantella zombies and a
friendly culicivora zombie.

Vanquished Creatures
  An entropy weaver (Lair:4)
  A dire elephant (Lair:5)
  A boulder beetle (Lair:4)
  An ice dragon (Lair:4)
  4 hydras
  2 ghost crabs (Lair:4)
  A catoblepas (D:9)
  3 death yaks
  2 fire crabs (Lair:4)
  2 ugly things (IceCv)
  An elephant (Lair:5)
  2 black mambas
  4 cane toads
  An orange demon (Lair:5)
  A gargoyle (D:11)
  3 rime drakes (Lair:5)
  2 komodo dragons (Lair:4)
  An ice devil (Lair:5)
  A troll (D:10)
  A tarantella (Spider:1)
  3 blink frogs (Lair:2)
  A dream sheep (Lair:5)
  3 basilisks
  12 yaks
  4 wargs
  An acid dragon (D:7)
  3 water moccasins
  Pargi (Sewer)
  3 hell hounds
  Duvessa (D:7)
  3 orc warriors (D:10)
  2 black bears
  2 ice beasts
  A sky beast (D:7)
  3 centaurs
  3 ogres
  A wolf (Lair:5)
  A kobold brigand (D:9)
  5 bullfrogs
  2 scorpions
  A wight (D:7)
  Dowan (D:7)
  10 killer bees
  3 electric eels (D:7)
  3 howler monkeys (D:11)
  2 orc priests (D:8)
  3 hounds
  Jessica (D:3)
  2 iguanas (D:4)
  6 orc wizards
  6 gnolls
  2 river rats (D:5)
  11 adders
  12 orcs
  A bat (D:2)
  2 giant cockroaches
  2 goblins
  3 hobgoblins (D:3)
  2 jackals (D:2)
  5 quokkas
  9 ball pythons
  3 frilled lizards
  5 kobolds
  8 rats
193 creatures vanquished.

Vanquished Creatures (collateral kills)
  An entropy weaver (Lair:4)
  A ghost crab (Lair:4)
  A boulder beetle (Lair:5)
  6 death yaks
  A sun demon (Lair:5)
  4 fire crabs (Lair:4)
  A wizard (Lair:5)
  A wolf spider (Spider:1)
  3 elephants (Lair:5)
  2 cyclopes
  A smoke demon (Lair:5)
  A black mamba (Lair:2)
  An apocalypse crab (Lair:4)
  6 cane toads
  3 orange demons (Lair:5)
  2 rime drakes (Lair:5)
  5 komodo dragons
  3 polar bears
  A red devil (Lair:5)
  A troll (D:12)
  A slime creature (D:7)
  A tarantella (Spider:1)
  9 dream sheep
  2 blink frogs (Lair:2)
  A jumping spider (Spider:1)
  A culicivora (Spider:1)
  26 yaks
  2 wraiths
  A basilisk (Lair:2)
  2 fire elementals (Spider:1)
  3 vampire mosquitoes (D:11)
  8 water moccasins
  3 hell hounds
  2 orc warriors (D:10)
  An ice beast (D:6)
  5 wolves (Lair:5)
  A nameless horror (Lair:1)
  9 bullfrogs
  2 scorpions (D:4)
  11 wights
  2 cane toad simulacra (IceCv)
  3 killer bees
  A hound (D:6)
  A gnoll bouda (D:8)
  2 iguanas (D:6)
  An orc wizard (D:10)
  A polar bear simulacrum (IceCv)
  9 gnolls
  An adder (Sewer)
  3 white imps (Lair:4)
  An ufetubus (D:5)
  4 orcs (D:10)
  An endoplasm (D:1)
  4 kobolds (D:9)
  5 ball pythons
  2 frilled lizards
  2 goblins
179 creatures vanquished.

Vanquished Creatures (others)
  3 death yak zombies
  3 hydra zombies
  A dream sheep zombie (Lair:3)
  A rime drake zombie (Lair:5)
  2 cyclops zombies
  A troll zombie (D:10)
  A water moccasin zombie (Lair:4)
  A warg zombie (D:10)
  9 yak zombies
  5 wolf zombies (Lair:5)
  5 bullfrog zombies
  2 centaur zombies
  A basilisk zombie (Lair:5)
  An acid dragon zombie (D:7)
  6 killer bee zombies
  4 kobold zombies (D:9)
  A sky beast zombie (D:7)
  An adder zombie (D:4)
  An elf zombie (D:7)
  An iguana zombie (D:4)
  2 gnoll zombies (D:5)
  A ball python zombie (D:4)
  7 orc zombies
  13 fungi
  31 plants
104 creatures vanquished.

Grand Total: 476 creatures vanquished

Notes
Turn   | Place    | Note
-------+----------+-------------------------------------------
     0 | D:1      | Zeldest the Meteoran Necromancer began the quest for the
                  | Orb.
     0 | D:1      | Reached XP level 1. HP: 14/14 MP: 5/5
   163 | D:1      | Found a faded altar of an unknown god.
   211 | D:2      | You fall into a shaft and drop 1 floor!
   248 | D:3      | Reached XP level 2. HP: 16/22 MP: 0/6
   274 | D:3      | Reached skill level 1 in Fighting
   281 | D:3      | Noticed a hound
   291 | D:3      | Killed a hound
   292 | D:3      | Reached XP level 3. HP: 22/29 MP: 0/9
   292 | D:3      | Reached XP level 4. HP: 27/36 MP: 0/10
   328 | D:3      | Reached skill level 5 in Necromancy
   383 | D:3      | Reached XP level 5. HP: 38/41 MP: 1/11
   426 | D:3      | Learned a level 4 spell: Animate Dead
   520 | D:4      | Noticed an ogre
   531 | D:4      | Noticed an ogre
   536 | D:4      | Learned a level 3 spell: Vampiric Draining
   636 | D:2      | Found a shimmering blue altar of Sif Muna.
   670 | D:2      | Reached XP level 6. HP: 49/50 MP: 8/13
  1041 | D:3      | Noticed Jessica
  1045 | D:3      | Killed Jessica
  1082 | D:4      | Reached skill level 5 in Spellcasting
  1082 | D:4      | Reached XP level 7. HP: 58/58 MP: 6/15
  1276 | D:5      | Entered Level 5 of the Dungeon
  1390 | D:5      | Reached XP level 8. HP: 67/67 MP: 12/17
  1460 | D:5      | Found a glowing drain.
  1570 | Sewer    | Entered a sewer
  1587 | Sewer    | Noticed Pargi
  1594 | Sewer    | Killed Pargi
  1595 | Sewer    | Reached skill level 5 in Fighting
  1838 | D:5      | Found a staircase to the Ecumenical Temple.
  1844 | Temple   | Entered the Ecumenical Temple
  1849 | Temple   | Became a worshipper of Cheibriados the Contemplative
  1933 | D:5      | Found a broken altar of Ashenzari.
  1988 | D:6      | Reached skill level 1 in Summonings
  1988 | D:6      | Reached skill level 1 in Invocations
  1989 | D:6      | Gained mutation: You passively map the area around you.
                  | [Meteoran growth]
  1989 | D:6      | Reached XP level 9. HP: 58/75 MP: 7/20
  2076 | D:6      | Found Orunelaam's Antique Weapon Boutique.
  2103 | D:6      | Identified the amulet "Nashuwk" {Faith rPois}
  2128 | D:6      | Reached * piety under Cheibriados
  2319 | D:6      | Found a shadowy altar of Dithmenos.
  2345 | D:6      | Found an ancient bone altar of Kikubaaqudgha.
  2555 | D:7      | Noticed a cyclops
  2556 | D:7      | Noticed a slime creature
  2563 | D:7      | Killed a cyclops
  2564 | D:7      | Reached XP level 10. HP: 54/84 MP: 8/21
  2566 | D:7      | Reached skill level 5 in Dodging
  2576 | D:7      | Reached skill level 5 in Invocations
  2595 | D:7      | Noticed Dowan
  2595 | D:7      | Noticed Duvessa
  2612 | D:7      | Killed Dowan
  2665 | D:7      | Your ally Dowan died
  2675 | D:7      | Killed Duvessa
  2766 | D:7      | Learned a level 4 spell: Summon Ice Beast
  2838 | D:7      | Reached skill level 5 in Summonings
  2859 | D:7      | Reached ** piety under Cheibriados
  3081 | D:8      | Reached *** piety under Cheibriados
  3296 | D:8      | Found a staircase to the Lair.
  3297 | D:8      | Noticed a komodo dragon
  3308 | D:8      | Killed a komodo dragon
  3364 | D:9      | Noticed a catoblepas
  3378 | D:9      | Killed a catoblepas
  3379 | D:9      | Reached XP level 11. HP: 40/94 MP: 6/22
  3626 | D:10     | Entered Level 10 of the Dungeon
  3672 | D:10     | Reached **** piety under Cheibriados
  3806 | D:10     | Learned a level 5 spell: Agony
  3905 | D:10     | Identified the +7 plate armour "Dirghawen" {Dex+9}
  3990 | D:9      | Reached skill level 10 in Necromancy
  4236 | D:11     | Reached ***** piety under Cheibriados
  4336 | D:11     | Noticed a cyclops
  4344 | D:11     | Killed a cyclops
  4558 | D:11     | Learned a level 6 spell: Summon Cactus Giant
  4617 | D:12     | Reached XP level 12. HP: 93/105 MP: 9/25
  4692 | Lair:1   | Entered Level 1 of the Lair of Beasts
  4706 | Lair:1   | Noticed a death yak
  4707 | Lair:1   | Noticed a death yak
  4707 | Lair:1   | Noticed a death yak
  4718 | Lair:1   | Killed a death yak
  4720 | Lair:1   | Killed a death yak
  4763 | Lair:1   | Killed a death yak
  4764 | Lair:1   | Reached skill level 10 in Fighting
  4841 | Lair:1   | Found a runed translucent door.
  4917 | Lair:1   | Reached skill level 10 in Invocations
  4990 | Lair:2   | Noticed a death yak
  5001 | Lair:2   | Killed a death yak
  5005 | Lair:2   | Noticed a death yak
  5006 | Lair:2   | Noticed a death yak
  5007 | Lair:2   | Found a hole to the Spider Nest.
  5007 | Lair:2   | Noticed a death yak
  5007 | Lair:2   | Noticed a death yak
  5008 | Lair:2   | Noticed a death yak
  5013 | Lair:2   | Killed a death yak
  5015 | Lair:2   | Killed a death yak
  5015 | Lair:2   | Killed a death yak
  5016 | Lair:2   | Reached XP level 13. HP: 84/114 MP: 13/26
  5016 | Lair:2   | Killed a death yak
  5017 | Lair:2   | Killed a death yak
  5019 | Lair:2   | Reached ****** piety under Cheibriados
  5074 | Lair:2   | Reached skill level 10 in Summonings
  5381 | Lair:2   | Found a staircase to the Swamp.
  5634 | Lair:4   | Noticed a six-headed hydra
  5643 | Lair:4   | Killed a six-headed hydra
  5768 | Lair:4   | Noticed an ice dragon
  5778 | Lair:4   | Killed an ice dragon
  5779 | Lair:4   | Reached skill level 5 in Conjurations
  5850 | Lair:4   | Found a runed translucent door.
  5876 | Lair:4   | Noticed an entropy weaver
  5879 | Lair:4   | Reached XP level 14. HP: 77/125 MP: 18/27
  5943 | Lair:5   | Entered Level 5 of the Lair of Beasts
  6039 | Lair:5   | Found a frozen archway.
  6103 | IceCv    | Entered an ice cave
  6117 | IceCv    | Found a transporter.
  6123 | IceCv    | Found the +5 lochaber axe {reach-cleave, poleaxe}
  6127 | IceCv    | Found a transporter.
  6168 | IceCv    | Learned a level 7 spell: Orb of Destruction
  6215 | Lair:5   | Found a staircase to the Slime Pits.
  6233 | Lair:5   | Reached skill level 1 in Polearms
  6248 | Lair:5   | Reached skill level 10 in Conjurations
  6417 | Lair:5   | Found a burning altar of Makhleb.
  6444 | Lair:5   | Reached skill level 5 in Polearms
  6452 | Lair:5   | Found a gateway to Hell.
  6459 | Lair:5   | Identified the +8 dagger "Reefinta" {flame, rC+}
  6483 | Lair:5   | Noticed a dire elephant
  6491 | Lair:5   | Killed a dire elephant
  6599 | Lair:4   | Killed an entropy weaver
  6600 | Lair:4   | Reached XP level 15. HP: 69/132 MP: 3/28
  6965 | Spider:1 | Entered Level 1 of the Spider Nest
  6969 | Spider:1 | Noticed Azrael
  6974 | Spider:1 | HP: 6/133 [culicivora (22)]
  6974 | Spider:1 | Mangled by a jumping spider

Illustrated notes

Levels and vault maps discovered:
D:1:      evilmike_arrival_rings, layout_loops_ring,
          hellmonk_ecumenical_altar_pennies_from_heaven
D:2:      layout_loops_ring, basic_altar, minivault_25, uniq_natasha
D:3:      layout_loops_cross, saegor_snake_ambush, uniq_jessica
D:4:      layout_basic
D:5:      layout_loops_corners, cheibrodos_ashenzari_chains,
          minmay_temple_entry_fiery, portal_sewer_entry_b, goddamned_bats
D:6:      layout_cave_pods, mainiacjoe_overflow_big_doors, serial_shops,
          nicolae_square_shop, kennysheep_potato
D:7:      kennysheep_big_flooded_room, layout_basic, serial_bayou_lake_a,
          uniq_duvessa
D:8:      layout_rooms, david_lair_shrubbed, serial_aquarium,
          aquarium_bridge_square [aquarium_subvault_bridge,
          aquarium_subvault_balcony, aquarium_subvault_bridge,
          aquarium_subvault_bridge], aquarium_window_corner,
          aquarium_window_fake, aquarium_window_1, aquarium_window_1,
          aquarium_view_2b, aquarium_pool_five, st_stairs_14, nrook_mini_vaults
D:9:      layout_cave_pools
D:10:     layout_basic, nicolae_specific_store, nooodl_orcs_dogs
D:11:     layout_basic, corexii_corridor_pit, dk_noncrumbling_4
D:12:     minmay_the_grid_triangle_9x9_rhombus_full
          [minmay_the_grid_triangle_9x9_dagger,
          minmay_the_grid_triangle_9x9_swiss_cheese,
          minmay_the_grid_triangle_9x9_skeleton,
          minmay_the_grid_triangle_9x9_tough_junction,
          minmay_the_grid_triangle_9x9_impossible_snake,
          minmay_the_grid_triangle_9x9_cache,
          minmay_the_grid_triangle_9x9_corrupted_corridor,
          minmay_the_grid_triangle_9x9_prize_center], layout_irregular_city,
          hiddenorc2_lemuel, nrook_uturn
Temple:   compressed_dpeg_triangle_lava_temple
Lair:1:   gammafunk_indiana_jones, layout_regular_city, serial_bayou_shore_b
Lair:2:   layout_hall_layers, swamp_mist, dummy_spider_entry,
          lemuel_fruit_fields
Lair:3:   layout_gridlike, lemuel_fruit_tree, grunt_megastairs_5,
          infiniplex_staircase_pool_2
Lair:4:   gammafunk_mikee_crab_dinner, layout_big_grid, bobbens_ice_dragon_lair,
          grunt_megastairs_3, serial_bayou_shore_a
Lair:5:   evil_forest, layout_loops_ring, slime_entry_1,
          portal_ice_cave_entry_pillars_2, serial_bayou_shore_b,
          grunt_megastairs_2
Spider:1: layout_cave_pods, uniq_azrael

Skill      XL: |  1  2  3  4  5  6  7  8  9 10 11 12 13 14 15 |
---------------+----------------------------------------------+-----
Fighting       | 1 2 3 4 5 6 8 9 10 11 12 | 12.3
Spellcasting   | 3 4 5 6 8 9 |  9.0
Necromancy     | 5 6 7 8 9 10 11 12 | 12.5
Summonings     | 1 4 6 7 9 10 | 10.9
Invocations    | 1 4 6 8 10 12 | 12.1
Dodging        | 4 6 7 |  7.1
Conjurations   | 6 12 | 12.8
Polearms       | 5 6 |  6.6
Stealth        | |  1.4

Action                   |  1- 3 |  4- 6 |  7- 9 | 10-12 | 13-15 || total
-------------------------+-------+-------+-------+-------+-------++-------
Melee: Unarmed           |     4 |     3 |       |       |       ||     7
       Staff             |       |     6 |     6 |    70 |    26 ||   108
       Dagger            |       |       |       |    33 |       ||    33
       Short sword       |       |       |       |     9 |       ||     9
       Punch             |       |       |       |     2 |     2 ||     4
 Cast: Necrotise         |    18 |    70 |    80 |    31 |     7 ||   206
       Vampiric Draining |       |     4 |    44 |    92 |    94 ||   234
       Animate Dead      |       |     2 |     5 |    19 |     9 ||    35
       Summon Ice Beast  |       |       |       |    12 |     6 ||    18
       Agony             |       |       |       |    10 |    10 ||    20
       Summon Cactus Gia |       |       |       |     6 |    16 ||    22
       Orb of Destructio |       |       |       |       |    19 ||    19
Evoke: Wand              |       |       |       |     2 |     9 ||    11
  Use: Scroll            |       |     7 |     4 |     9 |     9 ||    29
       Potion            |       |     2 |       |     1 |    17 ||    20
 Stab: Distracted        |       |     1 |       |     2 |       ||     3
       Paralysed         |       |       |       |     6 |       ||     6
Armor: Robe              |     3 |    23 |    26 |    36 |    57 ||   145
       Ring mail         |       |       |     1 |    22 |       ||    23
       Skin              |       |       |       |       |    25 ||    25
Dodge: Dodged            |     9 |    32 |    75 |   226 |   176 ||   518

Table legend: (Time is in decaauts)
 A = Elapsed time spent in this place.
 B = Non-inter-level travel time spent in this place.
 C = Inter-level travel time spent in this place.
 D = Time resting spent in this place.
 E = Time spent auto-exploring this place.
 F = Levels seen in this place.
 G = Mean time per level.
                   A        B        C        D        E       F      G
               +--------+--------+--------+--------+--------+-----+--------+
         Total |  10165 |   9238 |    927 |     36 |      0 |  21 |  484.0 |
       Dungeon |   5893 |   5380 |    513 |      0 |      0 |  12 |  491.1 |
        Temple |     11 |     11 |      0 |      0 |      0 |   1 |   11.0 |
          Lair |   3944 |   3531 |    413 |     36 |      0 |   5 |  788.8 |
   Spider Nest |      9 |      9 |      0 |      0 |      0 |   1 |    9.0 |
         Sewer |    184 |    184 |      0 |      0 |      0 |   1 |  184.0 |
      Ice Cave |    121 |    121 |      0 |      0 |      0 |   1 |  121.0 |
               +--------+--------+--------+--------+--------+-----+--------+

Top non-repeatable levels by time:
  Lair:4: 1647 daAuts
    D:10: 1018 daAuts
  Lair:5: 867 daAuts
     D:7: 726 daAuts
    D:11: 589 daAuts
     D:8: 571 daAuts
     D:6: 569 daAuts
     D:5: 549 daAuts
  Lair:2: 538 daAuts
     D:9: 529 daAuts
  Lair:1: 481 daAuts
  Lair:3: 409 daAuts
     D:4: 352 daAuts
     D:3: 348 daAuts
     D:1: 335 daAuts
